 Dungeon Crawl Stone Soup version 0.24.0-123-gd5b16e6ec5 (webtiles) character file.

Game seed: 16301764269121785911, levelgen mode: deterministic

30 FishyPogo the Skirmisher (level 3, -8/29 HPs)
             Began as a Demonspawn Chaos Knight on Feb 10, 2020.
             Was a Plaything of Xom.
             Mangled by a shadow (20 damage)
             ... summoned by the capriciousness of Xom
             ... on level 1 of the Dungeon.
             The game lasted 00:01:58 (1278 turns).

FishyPogo the Skirmisher (Demonspawn Chaos Knight)  Turns: 1278, Time: 00:01:59

Health: -8/29      AC:  5    Str: 13    XL:     3   Next: 3%
Magic:  3/3        EV: 11    Int: 13    God:    Xom [..*...]
Gold:   50         SH:  0    Dex: 12    Spells: 2/2 levels left

rFire    . . .     SeeInvis .     - Unarmed
rCold    . . .     Gourm    .   (no shield)
rNeg     . . .     Faith    .   b - +2 leather armour
rPois    .         Spirit   .   (no helmet)
rElec    .         Reflect  .   (no cloak)
rCorr    .         Harm     .   (no gloves)
MR       .....                  (no boots)
Stlth    +.........             (no amulet)
HPRegen  0.09/turn              (no ring)
MPRegen  0.08/turn              (no ring)

@: no status effects
A: claws 1
a: Renounce Religion


You were on level 1 of the Dungeon.
You worshipped Xom.
You were a toy of Xom.
You were near starving.

You visited 1 branch of the dungeon, and saw 1 of its levels.

You collected 50 gold pieces.

Inventory:

Hand Weapons
 a - a +0 short sword of chaos
Missiles
 h - 50 stones (quivered)
Armour
 b - a +2 leather armour (worn)
Scrolls
 d - 2 scrolls of identify {unknown}
 e - a scroll of fear {unknown}
Potions
 g - a potion of mutation {unknown}
Comestibles
 c - 2 rations


   Skills:
 * Level 3.6 Fighting
 - Level 2.7 Short Blades
 + Level 2.1 Armour
 - Level 1.0 Dodging
 * Level 1.0 Unarmed Combat


You had 2 spell levels left.
You didn't know any spells.
Your spell library was empty.

Dungeon Overview and Level Annotations

Branches:
Dungeon (1/15)

Altars:


Innate Abilities, Weirdness & Mutations

You have sharp fingernails.


Message History

Flickering shadows surround you.
You scratch the bush but do no damage.
The bush is heavily damaged.
The shadow hits you!
You scratch the bush but do no damage.
The bush is heavily damaged.
The shadow hits you.
You scratch the bush.
The bush is heavily damaged.
The shadow hits you!
You scratch the bush but do no damage.
The bush is heavily damaged.
The shadow slips into darkness.
The shadow flickers and vanishes!
Deactivating autopickup; reactivate with Ctrl-A.
You scratch the bush but do no damage.
The bush is heavily damaged.
The shadow strikes at you from the darkness!
Ouch! That really hurt!
You die...

♣...§..≈#
#.#..###
♣.......♣
#.#....#
#P.....P#
#.##.#.#
♣#P...PP♣
#.##.#.#
♣PP###.P#
#.##.#.#
♣#....PP##
#.##.#.#


♣PP.W.PPP# #.##.### #♣PP{#PP♣# #.##.#.# #♣@#PP## #.#÷...# ♣P♣♣♣♣# #.##.#.# ##
#.####.# #......# ######## You could see a shadow.

Vanquished Creatures
  4 leopard geckos (D:1)
  2 ball pythons (D:1)
  A giant cockroach (D:1)
  A hobgoblin (D:1)
  2 bats (D:1)
  3 frilled lizards (D:1)
  8 kobolds (D:1)
  5 rats (D:1)
  A plant (D:1)
27 creatures vanquished.

Vanquished Creatures (others)
  2 plants (D:1)
2 creatures vanquished.

Grand Total: 29 creatures vanquished

Notes
Turn   | Place    | Note
-------+----------+-------------------------------------------
     0 | D:1      | FishyPogo the Demonspawn Chaos Knight began the quest for
                  | the Orb.
     0 | D:1      | Reached XP level 1. HP: 18/18 MP: 1/1
   232 | D:1      | Reached skill level 1 in Dodging
   232 | D:1      | Gained mutation: You have sharp fingernails. [demonic
                  | ancestry]
   232 | D:1      | Reached XP level 2. HP: 24/24 MP: 2/2
   600 | D:1      | XOM: silly message
   948 | D:1      | Reached skill level 1 in Unarmed Combat
   948 | D:1      | Reached XP level 3. HP: 16/29 MP: 3/3
  1003 | D:1      | XOM: medium Tmut miscast
  1273 | D:1      | XOM: medium Necr miscast
  1274 | D:1      | Noticed a shadow
  1274 | D:1      | Noticed a shadow
  1278 | D:1      | Mangled by a shadow

Levels and vault maps discovered:
D:1:      minmay_arrival_nine_rooms, layout_basic, lexackson_kobold_supper

Skill      XL: |  1  2 |
---------------+-------+-----
Armour         | 2 |  2.1
Dodging        | 1 |  1.0
Unarmed Combat | 1 |  1.0
Fighting       | |  3.6
Short Blades   | |  2.7

Action                   || total
-------------------------++-------
Melee: Short sword       ||    22
       Unarmed           ||   366
       Punch             ||     2
 Stab: Sleeping          ||     1
Armor: Leather armour    ||    25
Dodge: Dodged            ||    57
